Map: Orbital Depot

Players

Rugi - Winner!

  • Race: Zerg Zerg
  • League: Diamond
  • Spawn Location: 3:00

Myran - Winner!

  • Race: Protoss Protoss
  • Spawn Location: 3:00

Loken - Winner!

  • Race: Zerg Zerg
  • Spawn Location: 1:00

Draco

  • Race: Zerg Zerg
  • Spawn Location: 9:00

Arkanny

  • Race: Terran Terran
  • League: Diamond
  • Spawn Location: 9:00

Praiset

  • Race: Zerg Zerg
  • Spawn Location: 7:00

VOD

Have the link to the VOD?

Description

Time

  • Played on: March 9, 2017, 7:15 p.m.
  • Length: 13:51
Show
View Real Time Build Order
Export as new Build Order

Rugi Zerg - Winner!

Build Orders: Hatch First, Muta Ling Bane 

Get SALT Encoding   

  12  0:00  Drone  
  13  0:12  Overlord  
  13  0:17  Drone  
  14  0:31  Drone x2  
  14  0:35  Drone  
  17  0:51  Extractor  
  17  0:53  Drone  
  18  1:02  Hatchery  
  18  1:04  Drone  
  18  1:08  Extractor  
  17  1:17  Spawning Pool  
  16  1:20  Drone  
  17  1:30  Drone x2  
  19  1:46  Overlord  
  19  1:52  Drone  
  20  2:09  Queen  
  20  2:10  Metabolic Boost  
  20  2:12  Zergling x4  
  20  2:14  Zergling x2  
  25  2:17  Queen  
  25  2:22  Zergling x2  
  28  2:35  Zergling x4  
  30  2:39  Baneling Nest  
  30  2:41  Drone  
  30  2:46  Drone  
  30  2:51  Drone  
  32  2:57  Drone x2  
  34  3:04  Spine Crawler  
  34  3:05  Drone  
  34  3:08  Drone  
  35  3:17  Overlord  
  35  3:19  Drone  
  36  3:32  Baneling x2  
  36  3:36  Hatchery, Drone x3  
  36  3:44  Drone x3  
  37  3:53  Zergling x6  
  41  3:55  Drone  
  41  3:58  Overlord  
  41  4:05  Drone  
  41  4:06  Drone  
  43  4:15  Overlord  
  43  4:17  Drone  
  43  4:18  Drone x4  
  43  4:23  Extractor x2  
  46  4:26  Lair  
  46  4:30  Drone x4  
  51  4:33  Drone  
  51  4:37  Drone x3  
  55  4:42  Drone x2  
  57  4:48  Roach Warren  
  56  4:53  Drone  
  56  4:55  Drone x2  
  59  5:01  Drone  
  59  5:02  Drone x3  
  63  5:10  Drone  
  63  5:11  Drone x2  
  63  5:12  Overlord x2  
  66  5:19  Extractor, Overlord  
  65  5:23  Drone  
  65  5:28  Overlord  
  66  5:29  Hatchery  
  66  5:30  Drone  
  66  5:31  Drone x2  
  66  5:33  Spore Crawler  
  67  5:36  Drone x4, Extractor  
  70  5:43  Drone, Spore Crawler  
  70  5:45  Drone x4  
  70  5:47  Drone  
  70  5:48  Extractor x2  
  73  5:50  Queen  
  73  5:52  Centrifical Hooks  
  73  5:56  Evolution Chamber, Zergling x6  
  77  5:57  Evolution Chamber  
  77  5:59  Queen  
  77  6:02  Queen  
  80  6:11  Spire  
  79  6:12  Zergling x2  
  79  6:13  Zergling x12  
  86  6:22  Drone, Spore Crawler  
  86  6:28  Spine Crawler  
  86  6:29  Spine Crawler, Drone  
  85  6:34  Queen x2  
  85  6:37  Queen  
  91  6:40  Spore Crawler  
  91  6:41  Overlord x3  
  90  6:54  Overlord  
  90  6:55  Overlord  
  90  6:58  Pneumatized Carapace  
  90  7:10  Zerg Melee Weapons Level 1, Zerg Ground Armor Level 1  
  90  7:11  Overlord x2  
  90  7:14  Hatchery  
  89  7:28  Overseer  
  89  7:30  Mutalisk  
  89  7:31  Mutalisk x9  
  89  7:32  Mutalisk  
  111  7:42  Queen  
  113  7:48  Zergling x14  
  113  7:49  Zergling x8  
  124  7:55  Drone  
  124  7:56  Drone x5  
  124  7:57  Drone  
  131  7:59  Drone  
  131  8:01  Drone  
  133  8:06  Zerg Flyer Armor Level 1  
  133  8:16  Drone  
  133  8:17  Drone x8  
  142  8:29  Infestation Pit  
  142  8:31  Mutalisk x2  
  142  8:32  Mutalisk x5  
  155  8:35  Mutalisk  
  157  8:45  Extractor, Spore Crawler  
  157  8:46  Extractor  
  157  8:48  Spore Crawler x2  
  152  8:49  Spore Crawler  
  152  8:54  Overseer  
  151  8:57  Mutalisk x3  
  157  9:10  Zerg Melee Weapons Level 2  
  157  9:11  Zerg Ground Armor Level 2  
  157  9:13  Zergling x2  
  157  9:29  Overlord x4  
  157  9:33  Pathogen Glands  
  154  9:44  Zergling x2  
  154  9:45  Zergling x6  
  158  9:46  Overlord x2  
  158  9:47  Overlord x2  
  158  9:49  Zergling x16  
  158  9:50  Zergling x12  
  172  10:05  Baneling x8  
  172  10:06  Baneling x4  
  167  10:29  Hatchery  
  167  10:31  Infestor x5  
  167  10:32  Infestor  
  167  10:33  Zergling x2  
  167  10:34  Zergling x26  
  183  10:51  Roach x6  
  183  10:54  Baneling x5  
  183  10:55  Baneling x8  
  183  10:56  Zergling x12  
  183  10:57  Zergling x8  
  193  11:09  Burrow  
  192  11:14  Hive  
  171  11:41  Baneling  
  171  11:42  Roach, Baneling x2  
  171  11:43  Roach x13  
  171  11:45  Overlord x5  
  178  12:13  Mutalisk  
  178  12:14  Mutalisk x9  
  198  12:25  Zergling x2  
  198  12:27  Overlord x5  
  199  12:36  Infestation Pit  
  191  12:50  Hatchery  
  174  13:13  Zergling x2  
  174  13:14  Zergling x34  
  192  13:27  Unknown, Extractor  
  192  13:30  Extractor  
  192  13:31  Ultralisk Cavern  
Show
View Real Time Build Order
Export as new Build Order

Myran Protoss - Winner!

Build Orders:  

Get SALT Encoding   

  12  0:02  Probe (Chrono Boost)  
  13  0:16  Probe (Chrono Boost)  
  14  0:24  Pylon  
  14  0:26  Probe (Chrono Boost)  
  15  0:42  Probe (Chrono Boost)  
  16  0:46  Gateway  
  16  0:53  Probe (Chrono Boost)  
  17  1:03  Probe (Chrono Boost)  
  18  1:14  Probe (Chrono Boost)  
  18  1:17  Pylon  
  19  1:24  Probe (Chrono Boost)  
  20  1:29  Pylon  
  20  1:34  Zealot  
  20  1:36  Probe (Chrono Boost)  
  23  1:43  Cybernetics Core  
  23  1:47  Forge  
  23  1:48  Probe (Chrono Boost)  
  24  1:59  Probe (Chrono Boost)  
  25  2:09  Probe (Chrono Boost)  
  26  2:21  Probe (Chrono Boost)  
  27  2:30  Assimilator, Nexus  
  27  2:34  Assimilator  
  27  2:37  Probe (Chrono Boost)  
  27  2:44  Assimilator  
  28  2:48  Assimilator  
  28  2:52  Pylon  
  28  2:55  Zealot  
  28  2:56  Pylon  
  30  3:13  Pylon  
  30  3:21  Probe (Chrono Boost)  
  30  3:22  Zealot  
  33  3:32  Probe (Chrono Boost)  
  33  3:34  Stargate  
  34  3:38  Pylon  
  34  3:44  Pylon  
  34  3:50  Probe (Chrono Boost)  
  34  3:51  Pylon  
  34  3:52  Probe (Chrono Boost)  
  36  4:01  Probe (Chrono Boost)  
  37  4:03  Probe (Chrono Boost)  
  38  4:11  Photon Cannon, Probe (Chrono Boost)  
  39  4:22  Probe (Chrono Boost)  
  40  4:27  Probe (Chrono Boost)  
  41  4:32  Probe (Chrono Boost)  
  41  4:36  Fleet Beacon  
  41  4:37  Probe (Chrono Boost)  
  43  4:42  Stargate  
  43  4:48  Probe (Chrono Boost), Protoss Air Weapons Level 1  
  43  4:49  Pylon  
  44  5:04  Probe (Chrono Boost)  
  45  5:10  Probe (Chrono Boost)  
  46  5:15  Protoss Shields Level 1, Probe (Chrono Boost)  
  46  5:20  Probe (Chrono Boost)  
  48  5:25  Probe (Chrono Boost)  
  49  5:47  Carrier  
  55  6:00  Graviton Catapult  
  55  6:09  Probe (Chrono Boost)  
  54  6:16  Carrier  
  58  7:02  Carrier  
  64  7:17  Protoss Air Weapons Level 2  
  64  7:36  Carrier  
  70  8:16  Carrier  
  76  8:50  Carrier  
  76  9:31  Carrier  
  82  10:05  Carrier  
  70  10:45  Carrier  
  70  10:46  Protoss Air Armor Level 1  
  62  10:55  Twilight Council  
  68  11:19  Carrier  
  68  11:30  Nexus  
  74  12:00  Carrier  
  68  12:34  Assimilator  
  68  12:38  Assimilator  
  74  13:11  Probe (Chrono Boost)  
  75  13:22  Probe (Chrono Boost)  
  82  13:33  Probe (Chrono Boost)  
Show
View Real Time Build Order
Export as new Build Order

Loken Zerg - Winner!

Build Orders: Pool First 

Get SALT Encoding   

  12  0:02  Drone  
  13  0:16  Overlord  
  13  0:21  Drone  
  14  0:38  Drone x2  
  16  1:01  Drone  
  17  1:05  Drone  
  17  1:09  Drone  
  19  1:12  Drone  
  20  1:22  Spawning Pool  
  19  1:42  Hatchery  
  18  1:50  Hatchery  
  17  1:57  Overlord  
  17  1:58  Overlord x2  
  17  2:03  Extractor  
  17  2:05  Extractor  
  15  2:08  Queen  
  17  2:24  Zergling x4  
  19  2:51  Zergling x4  
  19  2:57  Hatchery  
  19  2:58  Queen  
  20  3:05  Zergling x2  
  23  3:06  Zergling x6  
  23  3:09  Metabolic Boost  
  26  3:31  Drone x3  
  26  3:32  Drone x6  
  35  3:54  Drone x6  
  41  4:11  Queen x2  
  41  4:16  Drone  
  49  4:17  Drone x6  
  44  4:42  Zergling x2  
  44  4:43  Zergling x20  
  55  5:12  Zergling x12  
  55  5:13  Zergling x6, Overlord  
  55  5:14  Overlord x8  
  64  5:32  Drone  
  64  5:33  Drone x5  
  70  5:37  Pneumatized Carapace  
  70  5:45  Extractor  
  70  5:46  Drone  
  70  5:47  Drone x9  
  70  5:48  Extractor  
  78  5:52  Extractor  
  78  5:55  Extractor  
  62  6:22  Zergling x24  
  69  6:32  Zergling x2  
  69  6:33  Zergling x10  
  69  6:35  Zergling x2  
  69  6:36  Zergling x2  
  55  7:03  Zergling x20  
  55  7:04  Zergling x8  
  62  7:21  Zergling x2  
  62  7:22  Zergling x14  
  61  7:40  Lair  
  61  7:41  Roach Warren  
  36  8:47  Drone x11  
  36  8:48  Drone x4  
  25  9:26  Hatchery  
  24  9:39  Hatchery  
  23  10:01  Zergling x2  
  23  10:02  Zergling x18  
  23  10:03  Zergling x18  
  42  10:12  Hydralisk Den  
  41  10:23  Hatchery  
  30  11:25  Drone x3  
  31  11:26  Drone x9  
  33  11:56  Hatchery  
  33  11:58  Hatchery  
  31  12:12  Extractor  
  30  13:15  Drone  
  30  13:16  Drone x16  
Show
View Real Time Build Order
Export as new Build Order

Draco Zerg 

Build Orders: Hatch First 

Get SALT Encoding   

  12  0:22  Drone x2  
  12  0:25  Overlord  
  14  0:53  Hatchery  
  14  0:55  Drone  
  14  0:56  Drone  
  15  1:00  Drone  
  16  1:07  Drone  
  17  1:19  Spawning Pool  
  17  1:21  Drone  
  17  1:34  Drone  
  17  1:39  Extractor  
  17  1:41  Drone, Extractor  
  17  1:51  Drone  
  18  2:10  Roach Warren  
  18  2:14  Drone  
  18  2:15  Drone  
  19  2:18  Queen  
  19  2:19  Drone x2  
  23  2:26  Drone  
  24  2:39  Drone  
  24  2:43  Lair  
  25  2:46  Drone x3  
  28  3:01  Overlord x2  
  28  3:05  Extractor  
  27  3:07  Extractor  
  26  3:18  Roach  
  30  3:20  Roach  
  30  3:22  Roach x2  
  34  3:31  Roach  
  34  3:32  Roach  
  38  3:53  Drone  
  38  3:54  Drone x2  
  41  4:00  Drone  
  41  4:01  Spire  
  41  4:05  Queen  
  43  4:11  Overlord  
  43  4:36  Burrow  
  43  4:38  Drone x4  
  47  4:47  Drone  
  47  4:51  Drone  
  49  5:06  Glial Reconstitution  
  49  5:18  Drone x3  
  49  5:19  Overlord  
  49  5:20  Overlord  
  52  5:29  Overlord  
  52  5:30  Overlord  
  52  5:31  Overlord  
  52  5:37  Queen  
  52  5:38  Zerg Flyer Weapons Level 1  
  54  5:44  Spore Crawler  
  54  5:46  Spore Crawler  
  54  5:47  Queen  
  54  5:56  Mutalisk x3  
  60  6:12  Mutalisk  
  60  6:13  Mutalisk x2  
  66  6:36  Mutalisk  
  66  6:37  Mutalisk x4  
  76  7:06  Roach x4  
  72  7:10  Tunneling Claws  
  72  7:28  Roach x3  
  72  7:54  Roach x4, Mutalisk x6  
  92  8:03  Roach  
  92  8:04  Zerg Flyer Weapons Level 2  
  92  8:11  Overseer  
  86  9:04  Corruptor x3  
  86  9:07  Overlord x6  
  86  9:08  Overlord  
  92  9:17  Roach x4  
  72  9:40  Corruptor x7  
  84  10:01  Corruptor x2  
  88  10:11  Infestation Pit  
  67  10:47  Corruptor  
  67  10:48  Corruptor x6  
  42  11:12  Drone x15  
  40  11:30  Roach x3  
  40  11:31  Roach x4  
  19  12:33  Roach  
  19  12:41  Roach  
  19  12:44  Roach  
  19  12:47  Roach  
  15  12:57  Roach  
  13  13:14  Roach  
Show
View Real Time Build Order
Export as new Build Order

Arkanny Terran 

Build Orders:  

Get SALT Encoding   

  12  0:00  SCV  
  13  0:13  SCV  
  14  0:19  Supply Depot  
  14  0:25  SCV  
  15  0:30  Refinery  
  15  0:41  SCV  
  16  0:48  Barracks  
  16  0:53  SCV  
  17  1:05  SCV  
  18  1:17  SCV  
  19  1:29  SCV, Supply Depot  
  20  1:36  Marine  
  20  1:39  Factory  
  21  1:42  Orbital Command  
  21  1:53  Marine  
  22  1:58  Bunker  
  22  2:04  Refinery  
  22  2:10  SCV  
  22  2:11  Marine  
  24  2:25  Supply Depot  
  24  2:28  Factory Tech Lab  
  24  2:29  Marine  
  25  2:30  Bunker  
  25  2:38  SCV  
  26  2:48  Starport  
  26  2:51  Siege Tank  
  29  2:55  SCV  
  30  3:00  Marine  
  31  3:20  Marine  
  31  3:25  Supply Depot  
  32  3:30  Starport Tech Lab  
  32  3:42  Marine  
  32  3:45  Siege Tank  
  36  3:54  Raven  
  38  4:01  Command Center  
  38  4:07  Engineering Bay  
  38  4:15  SCV  
  39  4:17  Armory  
  39  4:36  Marine  
  40  4:48  Hellion  
  40  4:49  Command Center  
  42  4:59  Missile Turret  
  42  5:00  Raven  
  44  5:09  Hellion  
  46  5:17  Infernal Pre-Igniter  
  46  5:19  Orbital Command  
  46  6:05  Bunker  
  46  6:07  Supply Depot  
  46  6:11  Supply Depot  
  46  6:17  Orbital Command  
  36  6:59  SCV  
  37  7:11  SCV  
  38  7:23  SCV  
  38  7:28  Raven  
  37  7:50  Planetary Fortress  
  37  7:58  Bunker  
  37  8:11  Raven  
  39  8:21  Starport  
  39  8:26  Factory  
  39  8:28  Factory  
  39  8:29  Marine, Supply Depot  
  39  8:31  Starport  
  40  8:47  Marine, Factory Reactor  
  41  8:49  Starport  
  41  8:54  Refinery, Supply Depot  
  41  8:55  SCV x3  
  44  8:58  Refinery  
  44  9:02  Starport Tech Lab  
  44  9:04  Marine  
  44  9:07  SCV x3  
  48  9:14  Corvid Reactor  
  48  9:22  Marine  
  48  9:30  Factory Reactor x2  
  48  9:34  Hellion x2  
  51  9:52  Liberator x2  
  51  9:56  Hellion x2  
  41  10:25  Command Center  
  41  10:26  Command Center  
  41  10:27  Widow Mine x3  
  29  10:50  Marine  
  30  11:08  Marine  
  28  11:12  Liberator  
  28  11:13  Liberator  
  28  11:18  Hellion x4  
  36  11:19  Hellion x2  
  47  11:39  Hellion x2  
  49  11:40  Hellion x2  
  49  11:45  Hellion  
  38  12:01  Hellion  
  38  12:07  Hellion  
  28  12:08  Planetary Fortress  
  10  12:44  Hellion x2  
  4  13:06  Hellion  
Show
View Real Time Build Order
Export as new Build Order

Praiset Zerg 

Build Orders: Pool First 

Get SALT Encoding   

  12  0:35  Drone x2  
  14  0:43  Overlord  
  14  0:47  Spawning Pool  
  13  0:51  Extractor  
  13  0:54  Extractor  
  11  1:11  Drone x3  
  14  1:23  Drone  
  14  1:25  Hatchery  
  14  1:35  Drone  
  15  1:42  Spore Crawler  
  15  1:44  Queen  
  15  1:46  Drone  
  17  1:57  Drone  
  18  2:10  Metabolic Boost  
  18  2:14  Drone  
  19  2:39  Lair  
  19  2:41  Drone x3  
  22  2:45  Drone  
  23  2:52  Drone  
  24  2:59  Drone  
  23  3:20  Zergling x2  
  24  3:41  Overlord  
  24  3:49  Overlord x2  
  24  3:51  Overlord x2  
  24  3:56  Spire  
  22  4:31  Zergling x4  
  22  4:32  Zergling x6  
  27  4:39  Spine Crawler  
  27  4:42  Spine Crawler  
  25  4:59  Drone x3  
  28  5:06  Hatchery  
  27  5:08  Hatchery  
  26  5:22  Mutalisk x2  
  30  5:56  Mutalisk x3  
  36  6:21  Queen  
  36  6:22  Drone  
  38  6:55  Mutalisk x3  
  38  6:56  Mutalisk x6  
  52  7:12  Spine Crawler  
  49  7:38  Drone x3  
  49  7:39  Mutalisk x2  
  49  7:42  Overlord x3  
  56  8:02  Spine Crawler  
  56  8:04  Drone x2, Spore Crawler  
  56  8:13  Drone x2  
  58  8:28  Drone x2  
  60  9:16  Mutalisk x5  
  38  9:38  Spore Crawler x2  
  37  9:40  Spore Crawler  
  37  9:41  Drone x3  
  32  10:03  Drone x2  
  34  10:18  Spine Crawler  
  34  10:19  Drone x3  
  27  10:40  Spore Crawler  
Tags
 
Add a new tag
Caveats
  • Supply blocks, unpowered buildings, or Contaminate may cause inaccurate times.
  • Supply counts are checked every 10 seconds.